 Dungeon Crawl Stone Soup version 0.30-a0-272-gf98c3da03f (webtiles) character file.

Game seed: 14450919607251619454

22 koil the Sneak (level 2, 0/13 HPs)
             Began as a Spriggan Enchanter on Oct 16, 2022.
             Hit by a stone thrown by a kobold (1 damage)
             ... on level 1 of the Dungeon.
             The game lasted 00:01:18 (486 turns).

koil the Sneak (Spriggan Enchanter)                  Turns: 486, Time: 00:01:19

Health: 0/13       AC:  2    Str:  4    XL:     2   Next: 68%
Magic:  1/7        EV: 17    Int: 16    God:
Gold:   22         SH:  0    Dex: 15    Spells: 5/7 levels left

rFire   . . .      SeeInvis +    a - +1 dagger
rCold   . . .      Faith    .    (no shield)
rNeg    . . .      Spirit   .    b - +0 robe
rPois   .          Reflect  .    (helmet restricted)
rElec   .          Harm     .    (no cloak)
rCorr   .          Rampage  .    (gloves unavailable)
Will    .....                    (boots unavailable)
Stlth   +++.......               (no amulet)
HPRegen 0.22/turn                (no ring)
MPRegen 0.10/turn                (no ring)

@: very quick
A: very small, no large weapons, unfitting armour, see invisible, speed 3
a: no special abilities


You were on level 1 of the Dungeon.
You visited 1 branch of the dungeon, and saw 1 of its levels.

You collected 22 gold pieces.

Inventory:

Hand Weapons
 a - a +1 dagger (weapon)
Armour
 b - a +0 robe (worn)
Scrolls
 d - a scroll of identify {unknown}
 e - 3 scrolls of noise {unknown}
 f - a scroll of teleportation {unknown}
Potions
 c - 2 potions of invisibility
 g - a potion of cancellation {unknown}


   Skills:
 + Level 0.2 Fighting
 + Level 1.6 Short Blades
 + Level 3.1 Dodging
 + Level 4.7 Stealth
 + Level 3.0 Spellcasting
 + Level 3.8 Hexes


You had 5 spell levels left.
You knew the following spells:

 Your Spells              Type           Power      Damage    Failure   Level
a - Ensorcelled Hibernat  Hex/Ice        16%        N/A       13%         2

Your spell library contained the following spells:

 Spells                   Type           Power      Damage    Failure   Level
 Confusing Touch          Hex            14%        N/A       12%         3
 Tukima's Dance           Hex            14%        N/A       12%         3
 Dazzling Flash           Conj/Hex       16%        N/A       26%         3


Dungeon Overview and Level Annotations

Branches:
Dungeon (1/15)

Altars:


Innate Abilities, Weirdness & Mutations

You are very small and have problems with some larger weapons.
You are too small for most types of armour.
You have supernaturally acute eyesight. (SInv)
You cover ground extremely quickly. (Speed+++)


Message History

You kill the bat!
The endoplasm hits you. The kobold completely misses you.
Casting: Ensorcelled Hibernation (safe; 13% risk of failure)
Confirm with . or Enter, or press ? or * to list all spells.
Aiming: Ensorcelled Hibernation (safe; 13% risk of failure)
Press: ? - help, Shift-Dir - straight line, f - endoplasm
Aim: an endoplasm (lightly wounded, chance to affect: 59%)
The endoplasm looks drowsy...
The helpless endoplasm fails to defend itself.
You impale the endoplasm!!
You kill the endoplasm!
The kobold hits you with a +0 short sword.
Casting: Ensorcelled Hibernation (safe; 13% risk of failure)
Confirm with . or Enter, or press ? or * to list all spells.
Aiming: Ensorcelled Hibernation (safe; 13% risk of failure)
Press: ? - help, Shift-Dir - straight line, f - kobold
Aim: a kobold, wielding a +0 short sword and quivering stones (chance to affect: 59%)
The kobold resists with significant effort.
The kobold hits you with a +0 short sword.
* * * LOW HITPOINT WARNING * * *
Casting: Ensorcelled Hibernation (safe; 13% risk of failure)
Confirm with . or Enter, or press ? or * to list all spells.
Aiming: Ensorcelled Hibernation (safe; 13% risk of failure)
Press: ? - help, Shift-Dir - straight line, f/p - kobold
Aim: a kobold, wielding a +0 short sword and quivering stones (chance to affect: 59%)
The kobold resists with significant effort.
The kobold barely misses you.
Casting: Ensorcelled Hibernation (safe; 13% risk of failure)
Confirm with . or Enter, or press ? or * to list all spells.
You don't have enough magic to cast this spell.
Unknown command.
You hit the kobold.
The kobold is moderately wounded.
The kobold hits you but does no damage.
You hit the kobold.
The kobold is severely wounded.
The kobold hits you with a +0 short sword.
* * * LOW HITPOINT WARNING * * *
The kobold throws a stone.
The stone hits you.
You die...

.....#.......# #..##########
###..#.......# #...#
##......)..###.#..###########
#.#.........................
##...#####.###.###..#........
#..#.##.....##.##............
###..#.#.......#.............#
.##......)........#..........#
.#...##.........@..K.........#
...#.##.........###..........#
#...............#
#............
.....##.........#
#..........##
###..##.........#
#............ #
#..##.........# #.......>....
# #..##.........#
#............
###..##.........#
###########..
................#


You could see a kobold.

Vanquished Creatures
  A dart slug (D:1)
  3 bats (D:1)
  3 endoplasms (D:1)
  A giant cockroach (D:1)
  3 goblins (D:1)
  2 hobgoblins (D:1)
  A quokka (D:1)
  A kobold (D:1)
  A rat (D:1)
16 creatures vanquished.

Notes
Turn   | Place    | Note
-------+----------+-------------------------------------------
     0 | D:1      | koil the Spriggan Enchanter began the quest for the Orb.
     0 | D:1      | Reached XP level 1. HP: 9/9 MP: 5/5
   168 | D:1      | Reached XP level 2. HP: 13/13 MP: 6/6
   171 | D:1      | Learned a level 2 spell: Ensorcelled Hibernation
   486 | D:1      | Hit by a stone thrown by a kobold

Illustrated notes

Levels and vault maps discovered:
D:1:      kilobyte_arrival_exit_the_forest, layout_rooms

Skill      XL: |  1  2 |
---------------+-------+-----
Spellcasting   | 3 |  3.0
Dodging        | 3 |  3.1
Fighting       | |  0.2
Short Blades   | |  1.6
Stealth        | |  4.7
Hexes          | |  3.8

Action                   || total
-------------------------++-------
Melee: Dagger            ||    44
 Cast: Ensorcelled Hiber ||     8
 Stab: Sleeping          ||     8
Armor: Robe              ||    10
Dodge: Dodged            ||    49

Table legend: (Time is in decaauts)
 A = Elapsed time spent in this place.
 B = Non-inter-level travel time spent in this place.
 C = Inter-level travel time spent in this place.
 D = Time resting spent in this place.
 E = Time spent auto-exploring this place.
 F = Levels seen in this place.
 G = Mean time per level.
                   A        B        C        D        E       F      G
               +--------+--------+--------+--------+--------+-----+--------+
         Total |    348 |    348 |      0 |      0 |    244 |   1 |  348.0 |
       Dungeon |    348 |    348 |      0 |      0 |    244 |   1 |  348.0 |
               +--------+--------+--------+--------+--------+-----+--------+

Top non-repeatable levels by time:
     D:1: 348 daAuts
